| TOP OF THE 1ST |
|
Pulaski Counts batting - Pitching for Waynesboro Braves : LHP Otis Green
|
|
Pitching: LHP Otis Green
|
|
|
Batting: RHB Eric Jones
|
0-0: Ball 1-0: Ball 2-0: Ball 3-0: Called Strike 3-1: Ground out 5-3 (Groundball, 5S, EV 76.9 MPH)
|
|
Batting: RHB Brett Benza
|
0-0: Ground out 6-3 (Groundball, 6, EV 103.8 MPH)
|
|
Batting: RHB John DiGioia
|
0-0: Ball 1-0: Ground out 4-3 (Groundball, 4, EV 85.6 MPH)
|
| Top of the 1st over - 0 runs, 0 hits, 0 errors, 0 left on base; Pulaski 0 - Waynesboro 0 |
| BOTTOM OF THE 1ST |
|
Waynesboro Braves batting - Pitching for Pulaski Counts : RHP Ramon Toro
|
|
Pitching: RHP Ramon Toro
|
|
|
Batting: RHB Richie Carter
|
0-0: SINGLE (Line Drive, 9S, EV 93.1 MPH)
|
|
Batting: RHB Sam Khalifa
|
0-0: Ball Wild Pitch! Richie Carter to second 1-0: Ball 2-0: SINGLE (Groundball, 6MD, EV 110.6 MPH) Richie Carter to third Runner from 3rd tries for Home, SAFE, throw by CF to home
|
|
Batting: RHB Hank Landers
|
0-0: Called Strike 0-1: Called Strike 0-2: Ball 1-2: Strikes out looking
|
|
Batting: RHB Tony Woods
|
0-0: Called Strike 0-1: Called Strike 0-2: Strikes out swinging
|
|
Batting: RHB Bob Calley
|
0-0: Ball 1-0: Ball 2-0: Ground out 5-3 (Groundball, 56S, EV 70.6 MPH)
|
| Bottom of the 1st over - 1 run, 2 hits, 0 errors, 1 left on base; Pulaski 0 - Waynesboro 1 |
| TOP OF THE 2ND |
|
Pulaski Counts batting - Pitching for Waynesboro Braves : LHP Otis Green
|
|
Batting: SHB Steve Walker
|
0-0: Ball 1-0: Ball 2-0: Ball 3-0: Base on Balls
|
|
Batting: RHB Elias Guzman
|
0-0: Swinging Strike 0-1: Ball 1-1: DOUBLE (Flyball, 8RD, EV 110.6 MPH) Steve Walker to third
|
|
Batting: RHB Scott Beals
|
0-0: Swinging Strike 0-1: Swinging Strike 0-2: Ball 1-2: Ball 2-2: Ball 3-2: Base on Balls
|
|
Batting: LHB Jon Zureich
|
0-0: Ball 1-0: Foul Ball, location: 2F 1-1: Fly out, F8 (Flyball, 8LXD, EV 111.3 MPH) Runner from 3rd tags up, SCORES, no throw by CF
|
|
Batting: RHB Dario Vasquez
|
0-0: Ball 1-0: Foul Ball, location: 2F 1-1: Called Strike 1-2: Ball 2-2: Ball 3-2: Foul Ball, location: 2F 3-2: Base on Balls Elias Guzman to third Scott Beals to second
|
|
Batting: RHB Edwin Marquez
|
0-0: Ball 1-0: Ground out 5-3 (Groundball, 56S, EV 74.4 MPH) Elias Guzman scores Scott Beals to third Dario Vasquez to second
|
|
Batting: RHB Eric Jones
|
0-0: Foul Ball, location: 2F 0-1: Swinging Strike 0-2: Ball 1-2: Strikes out swinging
|
| Top of the 2nd over - 2 runs, 1 hit, 0 errors, 2 left on base; Pulaski 2 - Waynesboro 1 |
| BOTTOM OF THE 2ND |
|
Waynesboro Braves batting - Pitching for Pulaski Counts : RHP Ramon Toro
|
|
Batting: RHB Manuel Miranda
|
0-0: Called Strike 0-1: Ball 1-1: Ball 2-1: Swinging Strike 2-2: Strikes out swinging
|
|
Batting: RHB Thomas Walker
|
0-0: Ground out 5-3 (Groundball, 5, EV 86.3 MPH)
|
|
Batting: RHB Roberto Carrero
|
0-0: Called Strike 0-1: Called Strike 0-2: Ball 1-2: DOUBLE (Line Drive, 9LM, EV 89.4 MPH)
|
|
Batting: RHB Juan Velazquez
|
0-0: Foul Ball, location: 2F 0-1: Ball 1-1: Foul Ball, location: 2F 1-2: Strikes out swinging
|
| Bottom of the 2nd over - 0 runs, 1 hit, 0 errors, 1 left on base; Pulaski 2 - Waynesboro 1 |
| TOP OF THE 3RD |
|
Pulaski Counts batting - Pitching for Waynesboro Braves : LHP Otis Green
|
|
Batting: RHB Brett Benza
|
0-0: Ball 1-0: Foul Ball, location: 2F 1-1: Ball 2-1: Ball 3-1: Fly out, F6 (Popup, 6, EV 56.3 MPH)
|
|
Batting: RHB John DiGioia
|
0-0: Called Strike 0-1: Ball 1-1: Foul Ball, location: 2F 1-2: SINGLE (Flyball, 56D, EV 91.9 MPH)
|
|
Batting: SHB Steve Walker
|
0-0: Called Strike 0-1: Ball 1-1: Fly out, F8 (Flyball, 8RS, EV 87.5 MPH)
|
|
Batting: RHB Elias Guzman
|
0-0: Foul Ball, location: 2F 0-1: Ball 1-1: Ball 2-1: Ball 3-1: Base on Balls John DiGioia to second
|
|
Batting: RHB Scott Beals
|
0-0: Ball Wild Pitch! John DiGioia to third Elias Guzman to second 1-0: Foul Ball, location: 2F 1-1: Called Strike 1-2: Ball 2-2: SINGLE (Groundball, 56D, EV 106.3 MPH) John DiGioia scores Elias Guzman to third Runner from 3rd tries for Home, SAFE, throw by LF to home
|
|
Batting: LHB Jon Zureich
|
0-0: Swinging Strike 0-1: Ground out U3 (Groundball, 34S, EV 90.0 MPH)
|
| Top of the 3rd over - 2 runs, 2 hits, 0 errors, 1 left on base; Pulaski 4 - Waynesboro 1 |
| BOTTOM OF THE 3RD |
|
Waynesboro Braves batting - Pitching for Pulaski Counts : RHP Ramon Toro
|
|
Batting: RHB Richie Carter
|
0-0: Ball 1-0: Ball 2-0: Fly out, F2 (Popup, 2RF, EV 97.5 MPH)
|
|
Batting: RHB Sam Khalifa
|
0-0: Called Strike 0-1: Called Strike 0-2: SINGLE (Groundball, 34, EV 102.5 MPH) (infield hit)
|
|
Batting: RHB Hank Landers
|
0-0: Ball 1-0: Ball 2-0: Reached on error, E6 (Groundball, 6, EV 86.9 MPH) Sam Khalifa to second
|
|
Batting: RHB Tony Woods
|
0-0: Swinging Strike 0-1: Ball 1-1: Ball 2-1: Foul Ball, location: 2F 2-2: Ball 3-2: Foul Ball, location: 2F 3-2: Foul Ball, location: 2F 3-2: SINGLE (Groundball, 6D, EV 94.4 MPH) Sam Khalifa to third Hank Landers to second Runner from 3rd tries for Home, SAFE, throw by CF to home
|
|
Batting: RHB Bob Calley
|
0-0: Ball 1-0: Ball 2-0: Ball 3-0: Base on Balls Hank Landers to third Tony Woods to second
|
|
Batting: RHB Manuel Miranda
|
0-0: Ball 1-0: Called Strike 1-1: Foul Ball, location: 2F 1-2: Ball 2-2: Strikes out swinging
|
|
Batting: RHB Thomas Walker
|
0-0: Ball 1-0: SINGLE (Groundball, 34D, EV 104.4 MPH) Hank Landers scores Tony Woods to third Bob Calley to second Runner from 3rd tries for Home, SAFE, throw by RF to home Bob Calley to third Thomas Walker to second
|
|
Batting: RHB Roberto Carrero
|
0-0: Called Strike 0-1: Foul Ball, location: 2F 0-2: Ball 1-2: SINGLE (Groundball, 6M, EV 101.9 MPH) Bob Calley scores Thomas Walker to third Runner from 3rd tries for Home, SAFE, throw by CF to home Roberto Carrero to second
|
|
Batting: RHB Juan Velazquez
|
0-0: Called Strike 0-1: Ball 1-1: Called Strike 1-2: Foul Ball, location: 2F 1-2: Strikes out swinging
|
| Bottom of the 3rd over - 5 runs, 4 hits, 1 error, 1 left on base; Pulaski 4 - Waynesboro 6 |
| TOP OF THE 4TH |
|
Pulaski Counts batting - Pitching for Waynesboro Braves : LHP Otis Green
|
|
Batting: RHB Dario Vasquez
|
0-0: Foul Ball, location: 2F 0-1: Swinging Strike 0-2: Foul Ball, location: 2F 0-2: Ball 1-2: Foul Ball, location: 2F 1-2: Foul Ball, location: 2F 1-2: Ground out 4-3 (Groundball, 4, EV 104.4 MPH)
|
|
Batting: RHB Edwin Marquez
|
0-0: Ball 1-0: Called Strike 1-1: Ball 2-1: Swinging Strike 2-2: Foul Ball, location: 2F 2-2: Fly out, F8 (Line Drive, 8LD, EV 108.8 MPH)
|
|
Batting: RHB Eric Jones
|
0-0: Ball 1-0: Called Strike 1-1: Ball 2-1: Ball 3-1: Foul Ball, location: 2F 3-2: SINGLE (Groundball, 56S, EV 65.0 MPH) (infield hit)
|
|
Batting: RHB Brett Benza
|
0-0: Ball 1-0: Ground out 2-3 (Groundball, 15S, EV 65.0 MPH)
|
| Top of the 4th over - 0 runs, 1 hit, 0 errors, 1 left on base; Pulaski 4 - Waynesboro 6 |
| BOTTOM OF THE 4TH |
|
Waynesboro Braves batting - Pitching for Pulaski Counts : RHP Ramon Toro
|
|
Batting: RHB Richie Carter
|
0-0: Fly out, F4 (Line Drive, 4, EV 67.5 MPH)
|
|
Batting: RHB Sam Khalifa
|
0-0: Called Strike 0-1: Ball 1-1: Foul Ball, location: 2F 1-2: Foul Ball, location: 2F 1-2: Foul Ball, location: 2F 1-2: Ball 2-2: Ball 3-2: Fly out, F9 (Flyball, 9S, EV 91.9 MPH)
|
|
Batting: RHB Hank Landers
|
0-0: Ball 1-0: Fly out, F9 (Flyball, 89M, EV 87.5 MPH)
|
| Bottom of the 4th over - 0 runs, 0 hits, 0 errors, 0 left on base; Pulaski 4 - Waynesboro 6 |
| TOP OF THE 5TH |
|
Pulaski Counts batting - Pitching for Waynesboro Braves : LHP Otis Green
|
|
Batting: RHB John DiGioia
|
0-0: Foul Ball, location: 2F 0-1: Fly out, F9 (Line Drive, 9, EV 88.8 MPH)
|
|
Batting: SHB Steve Walker
|
0-0: Called Strike 0-1: Ball 1-1: Ground out 6-3 (Groundball, 6, EV 97.5 MPH)
|
|
Batting: RHB Elias Guzman
|
0-0: Ground out 3-1 (Groundball, 34, EV 81.3 MPH)
|
| Top of the 5th over - 0 runs, 0 hits, 0 errors, 0 left on base; Pulaski 4 - Waynesboro 6 |
| BOTTOM OF THE 5TH |
|
Waynesboro Braves batting - Pitching for Pulaski Counts : RHP Ramon Toro
|
|
Batting: RHB Tony Woods
|
0-0: Called Strike 0-1: Called Strike 0-2: Ball 1-2: Foul Ball, location: 2F 1-2: Foul Ball, location: 2F 1-2: Fly out, F8 (Flyball, 8RD, EV 99.4 MPH)
|
|
Batting: RHB Bob Calley
|
0-0: Ball 1-0: Foul Ball, location: 2F 1-1: Fly out, F8 (Flyball, 78S, EV 95.6 MPH)
|
|
Batting: RHB Manuel Miranda
|
0-0: DOUBLE (Flyball, 8RXD, EV 99.4 MPH)
|
|
Batting: RHB Thomas Walker
|
0-0: Foul Ball, location: 2F 0-1: Swinging Strike 0-2: Ball 1-2: Ball 2-2: Ball 3-2: Ground out 1-3 (Groundball, P, EV 67.5 MPH)
|
| Bottom of the 5th over - 0 runs, 1 hit, 0 errors, 1 left on base; Pulaski 4 - Waynesboro 6 |
| TOP OF THE 6TH |
|
Pulaski Counts batting - Pitching for Waynesboro Braves : LHP Otis Green
|
|
Batting: RHB Scott Beals
|
0-0: Called Strike 0-1: Ball 1-1: Ball 2-1: Called Strike 2-2: Strikes out looking
|
|
Batting: LHB Jon Zureich
|
0-0: Ball 1-0: Called Strike 1-1: Ball 2-1: Foul Ball, location: 2F 2-2: Foul Ball, location: 2F 2-2: DOUBLE (Flyball, 8LXD, EV 107.5 MPH)
|
|
Pinch Runner at 2nd Darrell Baugh:
|
|
|
Batting: RHB Dario Vasquez
|
0-0: Called Strike 0-1: Swinging Strike 0-2: Ball 1-2: DOUBLE (Line Drive, 78M, EV 113.1 MPH) Darrell Baugh scores
|
|
Batting: RHB Edwin Marquez
|
0-0: Called Strike Dario Vasquez steals 3rd, throwing error, E2 Dario Vasquez scores 0-1: Swinging Strike 0-2: Foul Ball, location: 2F 0-2: SINGLE (Line Drive, 9S, EV 95.6 MPH)
|
|
Batting: RHB Eric Jones
|
0-0: Called Strike 0-1: Called Strike 0-2: Ball 1-2: Ball 2-2: Ball 3-2: Base on Balls Edwin Marquez to second
|
|
Batting: RHB Brett Benza
|
0-0: Ball 1-0: Ball 2-0: Called Strike 2-1: Foul Ball, location: 2F 2-2: Ball Wild Pitch! Edwin Marquez to third Eric Jones to second 3-2: 3-RUN HOME RUN (Flyball, 78XD, EV 97.5 MPH), Distance : 434 ft
|
|
Pitching: RHP Brent Wittmayer
|
|
|
Batting: RHB John DiGioia
|
0-0: Called Strike 0-1: Swinging Strike 0-2: Ball 1-2: Foul Ball, location: 2F 1-2: Ground out 5-3 (Groundball, 5L, EV 112.5 MPH)
|
|
Batting: SHB Steve Walker
|
0-0: Ball 1-0: Ball 2-0: Foul Ball, location: 2F 2-1: Ball 3-1: Foul Ball, location: 2F 3-2: Foul Ball, location: 2F 3-2: Base on Balls
|
|
Batting: RHB Elias Guzman
|
0-0: Called Strike 0-1: Ball 1-1: Foul Ball, location: 2F 1-2: Ball 2-2: Ball 3-2: Fly out, F9 (Line Drive, 9, EV 87.5 MPH)
|
| Top of the 6th over - 5 runs, 4 hits, 1 error, 1 left on base; Pulaski 9 - Waynesboro 6 |
| BOTTOM OF THE 6TH |
|
Waynesboro Braves batting - Pitching for Pulaski Counts : RHP Ramon Toro
|
|
Now at 1B: Claudio Rodriguez
|
|
|
Batting: RHB Roberto Carrero
|
0-0: Foul Ball, location: 2F 0-1: Ball 1-1: DOUBLE (Line Drive, 9LM, EV 108.1 MPH)
|
|
Batting: RHB Juan Velazquez
|
0-0: Called Strike 0-1: Ball 1-1: Foul Ball, location: 2F 1-2: Strikes out swinging
|
|
Batting: RHB Richie Carter
|
0-0: Ball 1-0: Ball 2-0: Called Strike 2-1: Called Strike 2-2: Strikes out swinging
|
|
Batting: RHB Sam Khalifa
|
0-0: Ball 1-0: Called Strike 1-1: Ball 2-1: Ground out 6-3 (Groundball, 6, EV 87.5 MPH)
|
| Bottom of the 6th over - 0 runs, 1 hit, 0 errors, 1 left on base; Pulaski 9 - Waynesboro 6 |
| TOP OF THE 7TH |
|
Pulaski Counts batting - Pitching for Waynesboro Braves : RHP Brent Wittmayer
|
|
Batting: RHB Scott Beals
|
0-0: Ball 1-0: Ball 2-0: Called Strike 2-1: Ball 3-1: Fly out, F7 (Flyball, 7, EV 90.6 MPH)
|
|
Batting: LHB Claudio Rodriguez
|
0-0: Ball 1-0: Called Strike 1-1: Fly out, F7 (Flyball, 7S, EV 93.8 MPH)
|
|
Batting: RHB Dario Vasquez
|
0-0: Ball 1-0: Ball 2-0: Fly out, F8 (Flyball, 8LD, EV 89.4 MPH)
|
| Top of the 7th over - 0 runs, 0 hits, 0 errors, 0 left on base; Pulaski 9 - Waynesboro 6 |
| BOTTOM OF THE 7TH |
|
Waynesboro Braves batting - Pitching for Pulaski Counts : RHP Ramon Toro
|
|
Batting: RHB Hank Landers
|
0-0: Called Strike 0-1: Ball 1-1: Ball 2-1: Foul Ball, location: 2F 2-2: Ball 3-2: Foul Ball, location: 2F 3-2: Foul Ball, location: 2F 3-2: Base on Balls
|
|
Batting: RHB Tony Woods
|
0-0: Called Strike 0-1: Called Strike 0-2: Ball 1-2: Ball 2-2: Fly out, F8 (Flyball, 89D, EV 91.3 MPH)
|
|
Batting: RHB Bob Calley
|
0-0: Ball 1-0: Called Strike 1-1: Fly out, F3 (Popup, 3S, EV 76.3 MPH)
|
|
Batting: RHB Manuel Miranda
|
0-0: Ball 1-0: Swinging Strike 1-1: Swinging Strike 1-2: Strikes out swinging
|
| Bottom of the 7th over - 0 runs, 0 hits, 0 errors, 1 left on base; Pulaski 9 - Waynesboro 6 |
| TOP OF THE 8TH |
|
Pulaski Counts batting - Pitching for Waynesboro Braves : RHP Brent Wittmayer
|
|
Batting: RHB Edwin Marquez
|
0-0: Ball 1-0: Ball 2-0: Ball 3-0: Base on Balls
|
|
Batting: RHB Eric Jones
|
0-0: Sac Bunt to P - play at first, batter OUT! 1-3 Edwin Marquez to second
|
|
Batting: RHB Brett Benza
|
0-0: Swinging Strike 0-1: SINGLE (Line Drive, 56D, EV 100.0 MPH) Edwin Marquez to third Runner from 3rd tries for Home, SAFE, throw by LF to home
|
|
Batting: RHB John DiGioia
|
0-0: Ball Brett Benza steals 2nd base 1-0: Ball 2-0: Ball 3-0: Called Strike 3-1: Base on Balls
|
|
Batting: SHB Steve Walker
|
0-0: Ball 1-0: Foul Ball, location: 2F 1-1: Fly out, F8 (Line Drive, 8LM, EV 96.9 MPH)
|
|
Batting: RHB Elias Guzman
|
0-0: Ball 1-0: Foul Ball, location: 2F 1-1: Ball 2-1: Ball 3-1: Base on Balls Brett Benza to third John DiGioia to second
|
|
Batting: RHB Scott Beals
|
0-0: Ball 1-0: Ball 2-0: Ball 3-0: Base on Balls Brett Benza scores John DiGioia to third Elias Guzman to second
|
|
Batting: LHB Claudio Rodriguez
|
0-0: Ball 1-0: Ground out 4-3 (Groundball, 4, EV 83.8 MPH)
|
| Top of the 8th over - 2 runs, 1 hit, 0 errors, 3 left on base; Pulaski 11 - Waynesboro 6 |
| BOTTOM OF THE 8TH |
|
Waynesboro Braves batting - Pitching for Pulaski Counts : RHP Ramon Toro
|
|
Batting: RHB Thomas Walker
|
0-0: Ball 1-0: Ball 2-0: Ground out 1-3 (Groundball, P, EV 70.6 MPH)
|
|
Batting: RHB Roberto Carrero
|
0-0: SINGLE (Groundball, 6MD, EV 100.6 MPH)
|
|
Batting: RHB Juan Velazquez
|
0-0: Foul Ball, location: 2F Balk! Roberto Carrero to second 0-1: Ball 1-1: Foul Ball, location: 2F 1-2: Fly out, F7 (Flyball, 7S, EV 85.6 MPH)
|
|
Batting: RHB Richie Carter
|
0-0: Ball 1-0: Foul Ball, location: 2F 1-1: Ball 2-1: Ball 3-1: Base on Balls
|
|
Pitching: RHP Dorn Taylor
|
|
|
Batting: RHB Sam Khalifa
|
0-0: Fielders Choice at 2nd, U6 (Groundball, 6M, EV 83.1 MPH)
|
| Bottom of the 8th over - 0 runs, 1 hit, 0 errors, 2 left on base; Pulaski 11 - Waynesboro 6 |
| TOP OF THE 9TH |
|
Pulaski Counts batting - Pitching for Waynesboro Braves : RHP Brent Wittmayer
|
|
Batting: RHB Dario Vasquez
|
0-0: SINGLE (Line Drive, 89S, EV 100.0 MPH)
|
|
Batting: RHB Edwin Marquez
|
0-0: Ball 1-0: Foul Ball, location: 2F 1-1: Foul Ball, location: 2F 1-2: Ball 2-2: Ball 3-2: Foul Ball, location: 2F 3-2: Base on Balls Dario Vasquez to second
|
|
Pitching: RHP Mike Norment
|
|
|
Batting: RHB Eric Jones
|
0-0: Ball 1-0: Ball 2-0: Called Strike 2-1: Swinging Strike 2-2: Foul Ball, location: 2F 2-2: Ball 3-2: Grounds into double play, 4-6-3 (Groundball, 4M, EV 85.0 MPH) Dario Vasquez to third
|
|
Batting: RHB Brett Benza
|
0-0: Ball 1-0: Foul Ball, location: 2F 1-1: Ball 2-1: Fly out, F4 (Line Drive, 4, EV 70.6 MPH)
|
| Top of the 9th over - 0 runs, 1 hit, 0 errors, 1 left on base; Pulaski 11 - Waynesboro 6 |
| BOTTOM OF THE 9TH |
|
Waynesboro Braves batting - Pitching for Pulaski Counts : RHP Dorn Taylor
|
|
Batting: RHB Hank Landers
|
0-0: Ball 1-0: Swinging Strike 1-1: SOLO HOME RUN (Flyball, 78XD, EV 103.1 MPH), Distance : 424 ft
|
|
Pitching: RHP Dennis Gadowski
|
|
|
Batting: RHB Tony Woods
|
0-0: Ball 1-0: Reached on error, E4 (Popup, 4M, EV 50.6 MPH)
|
|
Batting: RHB Bob Calley
|
0-0: Ball 1-0: Grounds into double play, 4-6-3 (Groundball, 4, EV 101.9 MPH)
|
|
Batting: RHB Manuel Miranda
|
0-0: Called Strike 0-1: Swinging Strike 0-2: Strikes out looking
|
| Bottom of the 9th over - 1 run, 1 hit, 1 error, 0 left on base; Pulaski 11 - Waynesboro 7 |
|